 Dungeon Crawl Stone Soup version 0.26.1-2-gb8aa6d0cf2 (webtiles) character file.

Game seed: 18109187919798255369

1056 Ladykiller69 the Cudgeller (level 8, -9/84 HPs)
             Began as an Ogre Gladiator on Mar 17, 2021.
             Was a Follower of Wu Jian.
             Shot with an arrow by a centaur (10 damage)
             ... on level 6 of the Dungeon.
             The game lasted 00:09:30 (6930 turns).

Ladykiller69 the Cudgeller (Ogre Gladiator)         Turns: 6930, Time: 00:09:31

Health: -9/84      AC: -1    Str: 21    XL:     8   Next: 26%
Magic:  8/8        EV: 11    Int:  9    God:    Wu Jian [*.....]
Gold:   273        SH:  0    Dex: 10    Spells: 7/7 levels left

rFire    . . .     SeeInvis .   G - +0 giant spiked club
rCold    . . .     Faith    .   (shield currently unavailable)
rNeg     . . .     Spirit   .   b - +0 robe
rPois    .         Reflect  .   c - +0 hat
rElec    .         Harm     .   (no cloak)
rCorr    .         Rampage  .   (gloves unavailable)
Will     .....                  (boots unavailable)
Stlth    +.........             (no amulet)
HPRegen  0.24/turn              (no ring)
MPRegen  0.11/turn              (no ring)

@: corroded
A: large, unfitting armour, tough skin 1
a: Renounce Religion


You were on level 6 of the Dungeon.
You worshipped Wu Jian.
Wu Jian was aware of your devotion.
You visited 1 branch of the dungeon, and saw 6 of its levels.

You collected 273 gold pieces.

Inventory:

Hand Weapons
 a - a +0 flail
 G - a +0 giant spiked club (weapon)
Missiles
 d - 3 throwing nets
 i - 303 stones
 u - 23 poisoned darts (quivered)
 y - 3 boomerangs
Armour
 b - a +0 robe (worn)
 c - a +0 hat (worn)
Jewellery
 n - an uncursed ring of stealth {unknown}
 v - a +4 ring of evasion {unknown}
 z - an uncursed ring of poison resistance {unknown}
 B - a cursed ring of teleportation {unknown}
 F - an uncursed ring of magical power {unknown}
Wands
 C - a wand of acid (12)
Scrolls
 e - 3 scrolls of remove curse {unknown}
 f - 2 scrolls of amnesia {unknown}
 g - 2 scrolls of teleportation {unknown}
 m - a scroll of enchant weapon {unknown}
 r - 2 scrolls of random uselessness {unknown}
 s - 8 scrolls of identify {unknown}
 t - a scroll of blinking {unknown}
 x - a scroll of fear {unknown}
 D - 2 scrolls of magic mapping {unknown}
 E - a scroll of noise {unknown}
Potions
 h - a potion of flight {unknown}
 j - 2 potions of lignification {unknown}
 k - 3 potions of curing {unknown}
 l - 2 potions of heal wounds {unknown}
 o - 2 potions of mutation {unknown}
 p - 4 potions of degeneration {unknown}
 q - 2 potions of berserk rage {unknown}
 w - a potion of brilliance {unknown}


   Skills:
 + Level 6.6 Fighting
 * Level 6.7 Maces & Flails
 - Level 2.0 Throwing
 + Level 5.0 Dodging


You had 7 spell levels left.
You didn't know any spells.
Your spell library contained the following spells:

 Spells                   Type           Power        Failure   Level
 Magic Dart               Conj           0%           38%         1
 Blink                    Tloc           N/A          52%         2
 Call Imp                 Summ           0%           52%         2
 Slow                     Hex            0%           52%         2
 Conjure Flame            Conj/Fire      0%           77%         3
 Mephitic Cloud           Conj/Pois/Air  0%           77%         3


Dungeon Overview and Level Annotations

Branches:
Dungeon (6/15)             Temple (0/1) D:5

Altars:
Ashenzari
Cheibriados
Dithmenos
Hepliaklqana
Okawaru
Qazlal
Ru
Wu Jian
Yredelemnul
The Shining One

Shops:
D:4 *

Annotations:
D:6 Edmund, Prince Ribbit


Innate Abilities, Weirdness & Mutations

You are too large for most types of armour.
You have tough skin. (AC +1)


Message History

The leopard gecko hisses angrily.
Prince Ribbit barely misses you. Prince Ribbit hits you!
You barely miss Prince Ribbit.
Prince Ribbit lets out a mournful croak.
Prince Ribbit hits you!!
* * * LOW HITPOINT WARNING * * *
Prince Ribbit blinks!
You lunge at the leopard gecko.
You closely miss the leopard gecko. The leopard gecko closely misses you.
You impale the leopard gecko!!
You kill the leopard gecko!
The Council accepts your kill.
A centaur comes into view.
The centaur wields a +0 shortbow.
The centaur shoots an arrow.
The arrow hits you!
* * * LOW HITPOINT WARNING * * *
The centaur shoots an arrow.
The arrow hits you!
* * * LOW HITPOINT WARNING * * *
The centaur shoots an arrow.
The arrow hits you!
You die...

## #..............#
..# #..............#
..# #......(.......#
#...###..#.........#
..................#
#. ...............#
#... .......|.)....#
...#
..........>.#..#
.........F.@..##
.......<†......#
...............?...
............##.....
....>..............
#.##........##.....
.. #........# ....
##c...#..# ###
#........


You could see Prince Ribbit and a centaur.

Vanquished Creatures
  Eustachio (D:6)
  A sky beast (D:6)
  2 ogres
  A centaur (D:5)
  3 jellies
  A bullfrog zombie (D:6)
  2 hounds
  2 orc priests (D:5)
  2 orc wizards
  An iguana (D:5)
  2 worker ants
  7 adders
  A shadow imp (D:5)
  A white imp (D:5)
  2 adder zombies (D:5)
  5 worms (D:2)
  4 dart slugs
  6 leopard geckos
  12 orcs
  7 giant cockroaches
  5 goblins
  8 hobgoblins
  3 jackals (D:2)
  7 kobolds
  2 quokkas
  7 bats
  4 frilled lizards
  A quokka skeleton (D:5)
  8 rats
108 creatures vanquished.

Vanquished Creatures (others)
  4 plants (D:1)
4 creatures vanquished.

Grand Total: 112 creatures vanquished

Notes
Turn   | Place    | Note
-------+----------+-------------------------------------------
     0 | D:1      | Ladykiller69 the Ogre Gladiator began the quest for the
                  | Orb.
     0 | D:1      | Reached XP level 1. HP: 22/22 MP: 1/1
   215 | D:1      | Reached XP level 2. HP: 25/29 MP: 2/2
  1104 | D:1      | Reached XP level 3. HP: 35/37 MP: 3/3
  1318 | D:2      | Reached XP level 4. HP: 29/46 MP: 4/4
  1654 | D:2      | Found a snail-covered altar of Cheibriados.
  1764 | D:2      | Found a faded altar of an unknown god.
  2116 | D:2      | Found a hazy altar of Hepliaklqana.
  2516 | D:2      | Reached XP level 5. HP: 34/54 MP: 5/5
  4008 | D:4      | Noticed an ogre
  4018 | D:4      | Killed an ogre
  4019 | D:4      | Reached XP level 6. HP: 65/65 MP: 6/6
  4124 | D:4      | Reached skill level 5 in Maces & Flails
  4236 | D:4      | Found Zap Ogi's Assorted Antiques.
  4483 | D:4      | Found an iron altar of Okawaru.
  4804 | D:4      | Reached skill level 5 in Fighting
  4962 | D:4      | Found an ornate altar of the Wu Jian Council.
  4971 | D:4      | Became a worshipper of the Wu Jian Council
  5025 | D:5      | Entered Level 5 of the Dungeon
  5160 | D:5      | Found a basalt altar of Yredelemnul.
  5185 | D:5      | Reached XP level 7. HP: 48/72 MP: 7/7
  5298 | D:5      | Found a sacrificial altar of Ru.
  5298 | D:5      | Found a stormy altar of Qazlal.
  5304 | D:5      | Found an iron altar of Okawaru.
  5735 | D:5      | Found a shadowy altar of Dithmenos.
  5935 | D:5      | Found a broken altar of Ashenzari.
  5944 | D:5      | Found a staircase to the Ecumenical Temple.
  5960 | D:5      | Found a glowing golden altar of the Shining One.
  6367 | D:6      | Noticed Eustachio
  6395 | D:6      | Killed Eustachio
  6396 | D:6      | Reached XP level 8. HP: 80/83 MP: 8/8
  6663 | D:6      | Reached * piety under Wu Jian
  6664 | D:6      | Reached skill level 5 in Dodging
  6757 | D:6      | Noticed Edmund
  6915 | D:6      | Noticed Prince Ribbit
  6930 | D:6      | HP: 1/84 [centaur/arrow (11)]
  6930 | D:6      | Shot with an arrow by a centaur

Illustrated notes

Levels and vault maps discovered:
D:1:      elethiomel_arrival_quiet, layout_loops_ring, serial_bayou_crossing
D:2:      layout_basic, old_standard_altar, nzn_hepliaklqana_mist_gate,
          chequers_ecumenical_altar_simple, fountainhead
D:3:      layout_rooms, st_stairs_10
D:4:      layout_loops_ring, lemuel_coloured_pillars_altar, serial_shops,
          nicolae_shop_waterfront, okawaru_metal_pillars_3
D:5:      layout_basic, cheibrodos_ashenzari_chains, old_standard_altar,
          grunt_temple_overflow_open, minmay_temple_entry_enclosed_plants,
          roderic_serpentine_path, grunt_dithmenos_shadows
D:6:      layout_rooms, uniq_edmund, uniq_prince_ribbit1,
          uniq_crazy_yiuf_cottage, uniq_eustachio

Skill      XL: |  1  2  3  4  5  6  7  8 |
---------------+-------------------------+-----
Fighting       | 3 4 5 6 |  6.6
Maces & Flails | 3 4 5 6 |  6.7
Dodging        | 3 4 5 |  5.0
Throwing       | |  2.0

Action                   |  1- 3 |  4- 6 |  7- 9 || total
-------------------------+-------+-------+-------++-------
Melee: Flail             |    69 |   165 |       ||   234
       Giant club        |       |    24 |    57 ||    81
       Giant spiked club |       |       |    40 ||    40
Throw: Dart              |       |    29 |    13 ||    42
       Stone             |       |       |     7 ||     7
Invok: Lunge             |       |       |    13 ||    13
 Stab: Sleeping          |     2 |     1 |     1 ||     4
Armor: Robe              |    17 |    42 |    23 ||    82
Dodge: Dodged            |    34 |   106 |    74 ||   214
